 Dungeon Crawl Stone Soup version 0.30-a0-3-gc9032a9cac (webtiles) character file.

Game seed: 16314958410783987772

15197 KleinerIrrer the Brawler (level 11, -7/141 HPs)
             Began as a Troll Monk on Aug 18, 2022.
             Mangled by a six-headed hydra (13 damage)
             ... on level 1 of the Lair of Beasts on Aug 20, 2022.
             The game lasted 00:20:47 (9932 turns).

KleinerIrrer the Brawler (Troll Monk)               Turns: 9932, Time: 00:20:47

Health: -7/141     AC:  8    Str: 31    XL:     11   Next: 98%
Magic:  10/10      EV: 11    Int:  6    God:
Gold:   841        SH: 12    Dex: 12    Spells: 10/10 levels left

rFire   . . .      SeeInvis .      - Unarmed
rCold   . . .      Faith    .    T - +0 tower shield
rNeg    . . .      Spirit   .    a - +0 steam dragon scales
rPois   .          Reflect  .    (helmet restricted)
rElec   .          Harm     .    G - +0 cloak
rCorr   .          Rampage  .    (gloves unavailable)
Will    .....                    (boots unavailable)
Stlth   ..........               x - amulet of regeneration
HPRegen 1.93/turn                w - +6 ring of strength
MPRegen 0.12/turn                F - +4 ring of evasion

@: berserking, very quick
A: large, unfitting armour, claws 3, regeneration 1, shaggy fur 1, tough skin 1
a: no special abilities


You were on level 1 of the Lair of Beasts.
You visited 2 branches of the dungeon, and saw 14 of its levels.
You also visited: Sewer.

You collected 899 gold pieces.
You spent 58 gold pieces at shops.

Inventory:

Missiles
 g - 17 poisoned darts (quivered)
 p - 2 throwing nets
 v - 4 atropa-tipped darts
 Q - 2 javelins
Armour
 a - +0 steam dragon scales (worn)
 h - an orb of light
 G - a +0 cloak (worn)
 T - a +0 tower shield (worn)
 U - a scarf of harm
Jewellery
 c - a ring of resist corrosion
 w - a +6 ring of strength (left claw)
 x - an amulet of regeneration (around neck)
 F - a +4 ring of evasion (right claw)
 N - a ring of see invisible
 P - a ring of protection from cold
 S - an amulet of reflection
Wands
 t - a wand of flame (42)
 u - a wand of digging (3)
 y - a wand of polymorph (10)
 A - a wand of mindburst (10)
 D - a wand of roots (16)
Scrolls
 j - 4 scrolls of butterflies
 k - 5 scrolls of fear
 l - 5 scrolls of noise
 n - 6 scrolls of teleportation
 q - 2 scrolls of enchant armour
 r - 2 scrolls of vulnerability
 J - a scroll of blinking
 K - a scroll of identify
 L - 5 scrolls of torment
 M - a scroll of poison {unknown}
Potions
 b - a potion of ambrosia
 d - a potion of lignification
 e - 8 potions of curing
 f - 2 potions of berserk rage
 i - 4 potions of degeneration
 m - a potion of invisibility
 o - 2 potions of attraction {unknown}
 s - 5 potions of might
 z - 2 potions of mutation {unknown}
 B - a potion of resistance {unknown}
 C - 2 potions of flight
 E - 2 potions of cancellation {unknown}
 H - 2 potions of heal wounds {unknown}
 I - 2 potions of haste
 V - a potion of magic {unknown}
Miscellaneous
 R - a phial of floods


   Skills:
 - Level 2.4 Fighting
 - Level 2.4 Dodging
 - Level 1.0 Stealth
 + Level 4.2 Shields
 + Level 18.6 Unarmed Combat


You had 10 spell levels left.
You didn't know any spells.
Your spell library contained the following spells:

 Spells                   Type           Power      Damage    Failure   Level
 Foxfire                  Conj/Fire      0%         2x1d4     97%         1
 Magic Dart               Conj           0%         1d3       97%         1
 Call Imp                 Summ           0%         N/A       99%         2
 Call Canine Familiar     Summ           0%         N/A       100%        3
 Conjure Flame            Conj/Fire      0%         6-21      100%        3
 Inner Flame              Hex/Fire       0%         N/A       100%        3
 Mephitic Cloud           Conj/Pois/Air  0%         N/A       100%        3
 Portal Projectile        Hex/Tloc       0%         N/A       100%        3
 Stone Arrow              Conj/Erth      0%         3d7       100%        3
 Summon Guardian Golem    Hex/Summ       0%         N/A       100%        3
 Animate Armour           Summ/Erth      0%         N/A       100%        4
 Animate Dead             Necr           0%         N/A       100%        4
 Flame Wave               Conj/Fire      0%         2d4       100%        4
 Leda's Liquefaction      Hex/Erth       0%         N/A       100%        4
 Agony                    Necr           0%         N/A       100%        5
 Borgnjor's Vile Clutch   Necr/Erth      0%         N/A       100%        5
 Death Channel            Necr           0%         N/A       100%        6
 Orb of Destruction       Conj           0%         9d5       100%        7
 Spellforged Servitor     Conj/Summ      0%         N/A       100%        7
 Infestation              Necr           0%         N/A       100%        8
 Lehudib's Crystal Spear  Conj/Erth      0%         10d2      100%        8


Dungeon Overview and Level Annotations

Branches:
Dungeon (12/15)            Temple (0/1) D:7            Lair (2/5) D:10
  Sewer (visited)
  Swamp: Lair:2-3    Shoals: Lair:2-3     Snake: Lair:2-3    Spider: Lair:2-3
    Orc: D:9-12

Altars:
Ashenzari
Elyvilon
Gozag
Hepliaklqana
Nemelex Xobeh
Okawaru
Qazlal
Vehumet
Xom
The Shining One

Shops:
D:2 !=   D:9 [

Annotations:
Lair:2 exclusion: oklob plant


Innate Abilities, Weirdness & Mutations

You are too large for most types of armour.
You have claws for hands.
Your natural rate of healing is unusually fast.
You are covered in fur. (AC +1)
You have tough skin. (AC +1)


Message History

The six-headed hydra bites you. x2
You block the six-headed hydra's attack.
The black bear bites you. You block the black bear's attack.
The black bear misses you.
Aiming: Quicksilver Bolt
Press: ? - help, Shift-Dir - straight line, f/p - six-headed hydra
Aim: a six-headed hydra (almost dead, 90% to hit)
The bolt of dispelling energy misses the six-headed hydra.
The now-empty wand crumbles to dust.
You block the six-headed hydra's attack.
The six-headed hydra bites you! The six-headed hydra bites you.
The six-headed hydra barely misses you.
The six-headed hydra bites you but does no damage.
The six-headed hydra bites you!
The black bear bites you but does no damage.
The black bear claws you.
The black bear claws you but does no damage.
Aiming: Mindburst
Press: ? - help, Shift-Dir - straight line, f/p - six-headed hydra
Aim: a six-headed hydra (almost dead, chance to affect: 29%)
The six-headed hydra easily resists.
You block the six-headed hydra's attack. x3
The six-headed hydra bites you. The six-headed hydra barely misses you.
The six-headed hydra bites you!
* * * LOW HITPOINT WARNING * * *
The black bear bites you.
* * * LOW HITPOINT WARNING * * *
The black bear claws you but does no damage.
The black bear misses you.
A red film seems to cover your vision as you go berserk!
You feel yourself moving faster!
You feel mighty! The six-headed hydra bites you!
* * * LOW HITPOINT WARNING * * *
You block the six-headed hydra's attack.
The six-headed hydra bites you.
* * * LOW HITPOINT WARNING * * *
The six-headed hydra misses you. The six-headed hydra bites you.
* * * LOW HITPOINT WARNING * * *
The six-headed hydra bites you!
You die...

........................#####....
.....#...#....>..................
.................................
.........#..#.###.........>......
.....#......#≈§≈#..##..#.........
............#≈≈≈≈................
............P§§§#..#...####..#...
.............##.#h.=...# ......
......##.#......@D.#......#......
.#######..#..####.##.D.##.#...#..
. #.....# ####...# ...... ##..###
..... ....# ....#. ..#..# ..... .
^.##.. ....#. ≈..~~~....
≈..§#~.....


You could see a six-headed hydra and a black bear.

Vanquished Creatures
  A two-headed ogre (D:8)
  A deep elf pyromancer (D:10)
  Pikel (D:4)
  A cyclops (D:12)
  2 gargoyles
  2 cane toads (Lair:1)
  Psyche (D:8)
  3 komodo dragons
  5 trolls (D:10)
  The ghost of ksawer the Slasher, an amateur HuFi of Elyvilon (D:3)
  A shadow (D:11)
  2 wyverns
  12 yaks
  2 vampires (D:10)
  Grum (D:8)
  A wraith (D:10)
  2 basilisks (D:10)
  6 fire bats (Lair:1)
  A vampire mosquito (D:10)
  2 steam dragons
  3 acid dragons
  2 water moccasins (Lair:1)
  2 orc warriors
  Pargi (Sewer)
  An ice beast (D:7)
  A black bear (D:8)
  8 wolves
  2 centaurs
  3 ogres
  2 lemures (D:4)
  A kobold brigand (D:9)
  4 gnoll sergeants
  7 bullfrogs
  5 scorpions
  A necrophage (D:5)
  15 wights
  12 killer bees
  An electric eel (D:7)
  A howler monkey (D:6)
  9 orc priests
  A hound (D:5)
  2 gnoll boudas (D:8)
  3 iguanas
  11 orc wizards
  7 adders
  23 gnolls
  A shadow imp (D:5)
  2 white imps (D:6)
  2 worms (D:6)
  4 dart slugs
  38 orcs
  8 endoplasms
  10 giant cockroaches
  5 goblins
  4 hobgoblins
  3 jackals (D:1)
  8 quokkas
  3 ball pythons
  7 bats
  7 frilled lizards
  15 kobolds
  7 rats
300 creatures vanquished.

Vanquished Creatures (others)
  2 orcs
  A fungus (D:10)
  3 plants
6 creatures vanquished.

Grand Total: 306 creatures vanquished

Notes
Turn   | Place    | Note
-------+----------+-------------------------------------------
     0 | D:1      | KleinerIrrer the Troll Monk began the quest for the Orb.
     0 | D:1      | Reached XP level 1. HP: 22/22 MP: 0/0
   151 | D:1      | Reached XP level 2. HP: 29/29 MP: 1/1
   244 | D:1      | Reached skill level 4 in Unarmed Combat
   458 | D:1      | Reached XP level 3. HP: 34/36 MP: 2/2
   652 | D:2      | Found Eqol Jaczi's Distillery.
  1004 | D:2      | Found Udeott's Jewellery Boutique.
  1030 | D:2      | Found a faded altar of an unknown god.
  1478 | D:3      | Found a radiant altar of Vehumet.
  1488 | D:3      | Reached skill level 5 in Unarmed Combat
  1488 | D:3      | Reached XP level 4. HP: 34/44 MP: 3/3
  1683 | D:3      | Noticed a scorpion
  1694 | D:3      | Killed a scorpion
  1695 | D:3      | Reached skill level 6 in Unarmed Combat
  1695 | D:3      | Reached XP level 5. HP: 18/50 MP: 4/4
  2122 | D:3      | Found a runed translucent door.
  2124 | D:3      | Noticed ksawer's ghost (amateur HuFi)
  2133 | D:3      | Killed ksawer's ghost
  2134 | D:3      | Reached skill level 7 in Unarmed Combat
  2134 | D:3      | Reached XP level 6. HP: 46/59 MP: 5/5
  2328 | D:4      | Reached skill level 8 in Unarmed Combat
  2328 | D:4      | Reached XP level 7. HP: 44/66 MP: 6/6
  2558 | D:4      | Reached skill level 9 in Unarmed Combat
  2777 | D:4      | Noticed Pikel
  2791 | D:4      | Killed Pikel
  2792 | D:4      | Reached skill level 10 in Unarmed Combat
  2792 | D:4      | Reached XP level 8. HP: 54/74 MP: 7/7
  3616 | D:5      | Entered Level 5 of the Dungeon
  3819 | D:5      | Got Wuam's Folio of Maleficent Mysteries
  3879 | D:5      | Reached skill level 11 in Unarmed Combat
  3894 | D:5      | Found an opulent altar of Gozag.
  4371 | D:6      | Found a glowing drain.
  4381 | Sewer    | Entered a sewer
  4405 | Sewer    | Noticed Pargi
  4412 | Sewer    | Killed Pargi
  5041 | D:6      | Found a glowing golden altar of the Shining One.
  5041 | D:6      | Found a broken altar of Ashenzari.
  5120 | D:6      | Reached skill level 12 in Unarmed Combat
  5285 | D:7      | Reached XP level 9. HP: 69/80 MP: 8/8
  5381 | D:7      | Identified the +0 robe of Metug {Stlth+}
  5731 | D:7      | Reached skill level 13 in Unarmed Combat
  5833 | D:7      | Found a sparkling altar of Nemelex Xobeh.
  6177 | D:7      | Found a staircase to the Ecumenical Temple.
  6641 | D:8      | Noticed a two-headed ogre
  6644 | D:8      | Killed a two-headed ogre
  6645 | D:8      | Reached skill level 14 in Unarmed Combat
  6710 | D:8      | Noticed Psyche
  6720 | D:8      | Killed Psyche
  6721 | D:8      | Reached XP level 10. HP: 88/88 MP: 9/9
  6803 | D:8      | Noticed Grum
  6810 | D:8      | Killed Grum
  6980 | D:8      | Reached skill level 15 in Unarmed Combat
  7348 | D:8      | Noticed a lindwurm
  7348 | D:8      | Noticed a lindwurm
  7349 | D:8      | Noticed a lindwurm
  7351 | D:8      | Noticed a lindwurm
  7368 | D:9      | Found Xetheov's Armour Shoppe.
  7648 | D:9      | Found an iron altar of Okawaru.
  7655 | D:9      | Found a stormy altar of Qazlal.
  7714 | D:9      | Reached skill level 16 in Unarmed Combat
  7720 | D:9      | Noticed a gargoyle
  7725 | D:9      | Killed a gargoyle
  7970 | D:9      | Found a white marble altar of Elyvilon.
  8148 | D:10     | Entered Level 10 of the Dungeon
  8350 | D:10     | Reached XP level 11. HP: 94/94 MP: 10/10
  8359 | D:10     | Noticed a deep elf pyromancer
  8366 | D:10     | Killed a deep elf pyromancer
  8367 | D:10     | Reached skill level 17 in Unarmed Combat
  8418 | D:10     | Found a hazy altar of Hepliaklqana.
  8495 | D:10     | Found a staircase to the Lair.
  8981 | D:10     | Reached skill level 18 in Unarmed Combat
  9314 | D:9      | Bought a +0 tower shield for 58 gold pieces
  9324 | D:9      | Upgraded the game from 0.29-a0-1061-gbc57f8fbdb to
                  | 0.30-a0-3-gc9032a9cac
  9439 | D:12     | Reached skill level 1 in Shields
  9529 | Lair:1   | Entered Level 1 of the Lair of Beasts
  9817 | Lair:1   | You fall into a shaft and drop 1 floor!
  9817 | Lair:2   | Found a shimmering altar of Xom.
  9842 | Lair:2   | Noticed an oklob plant
  9854 | Lair:2   | Noticed a six-headed hydra
  9854 | Lair:2   | Found the +1 robe of Vines {NoPotionHeal Regen++++}
  9855 | Lair:2   | Noticed a six-headed hydra
  9932 | Lair:1   | HP: 6/141 [six-headed hydra (6)]
  9932 | Lair:1   | Mangled by a six-headed hydra

Illustrated notes

Levels and vault maps discovered:
D:1:      evilmike_arrival_hilbert_curve, layout_basic, kennysheep_flooded_box
D:2:      layout_basic, serial_shops, nicolae_shop_stone, nicolae_shop_trees,
          shapermc_ecumenical_altar_hornbeckon, minmay_quadrilaterals
D:3:      layout_basic, vehumet_crystals, ebering_ghost_reflecting_pool,
          minmay_three_crescents
D:4:      layout_layer_cave, grunt_decor_resistance,
          nicolae_kite_square_tiling_tiny, uniq_pikel
D:5:      layout_gridville, mainiacjoe_overflow_24_doors
D:6:      layout_loops_corners, gammafunk_temple_overflow_pools,
          gup_sewer_entry_bubbles
D:7:      layout_layer_cave, nemelex_xobeh_ov_fountains_minmay,
          minmay_temple_entry_hall, nrook_pool_corridor, minmay_manual_mullet
D:8:      layout_basic, amethyst_killhole, minmay_lindwurm_lava, uniq_psyche,
          uniq_grum
D:9:      layout_irregular_city, mainiacjoe_overflow_large_starburst,
          mainiacjoe_overflow_brackets, serial_shops, shop
D:10:     layout_grid_maze, old_standard_altar, david_lair_generic,
          minmay_joined_circles
D:11:     layout_cave_pools
D:12:     layout_stronghold, david_orc_3, serial_bayou_pond_e, uniq_kirke
Lair:1:   layout_gridlike, portal_ice_cave_entry_pillars_1,
          dreamdust_deal_with_the_devil, serial_bayou_pond_e
Lair:2:   layout_gridlike, basic_altar, minmay_lair_oklob_bushes,
          hellmonk_guarded_unrand_vines

Skill      XL: |  1  2  3  4  5  6  7  8  9 10 11 |
---------------+----------------------------------+-----
Unarmed Combat | 4 5 6 7 8 10 12 14 16 18 | 18.6
Shields        | 4 |  4.2
Fighting       | |  2.4
Dodging        | |  2.4
Stealth        | |  1.0

Action                   |  1- 3 |  4- 6 |  7- 9 | 10-12 || total
-------------------------+-------+-------+-------+-------++-------
Melee: Unarmed           |   112 |    68 |   236 |   331 ||   747
       Punch             |     1 |       |       |       ||     1
Throw: Dart              |       |       |     1 |     1 ||     2
Evoke: Wand              |       |       |       |     6 ||     6
  Use: Scroll            |       |     6 |     4 |     8 ||    18
       Potion            |       |       |     1 |     2 ||     3
 Stab: Sleeping          |     1 |       |       |       ||     1
Armor: Robe              |    40 |    10 |    30 |       ||    80
       Skin              |       |       |     5 |       ||     5
       Steam dragon scal |       |       |     5 |    67 ||    72
Dodge: Dodged            |    42 |    19 |   103 |   201 ||   365
Block: Tower shield      |       |       |       |    57 ||    57

Table legend: (Time is in decaauts)
 A = Elapsed time spent in this place.
 B = Non-inter-level travel time spent in this place.
 C = Inter-level travel time spent in this place.
 D = Time resting spent in this place.
 E = Time spent auto-exploring this place.
 F = Levels seen in this place.
 G = Mean time per level.
                   A        B        C        D        E       F      G
               +--------+--------+--------+--------+--------+-----+--------+
         Total |   9872 |   9150 |    722 |     80 |   7433 |  15 |  658.1 |
       Dungeon |   9388 |   8896 |    492 |     80 |   7416 |  12 |  782.3 |
          Lair |    399 |    169 |    230 |      0 |      0 |   2 |  199.5 |
         Sewer |     84 |     84 |      0 |      0 |     17 |   1 |   84.0 |
               +--------+--------+--------+--------+--------+-----+--------+

Top non-repeatable levels by time:
     D:4: 1427 daAuts
     D:7: 1278 daAuts
    D:10: 1135 daAuts
     D:6: 915 daAuts
     D:2: 851 daAuts
     D:8: 807 daAuts
     D:9: 795 daAuts
     D:3: 690 daAuts
     D:5: 687 daAuts
     D:1: 625 daAuts
  Lair:1: 355 daAuts
    D:12: 119 daAuts
   Sewer: 84 daAuts
    D:11: 55 daAuts
  Lair:2: 43 daAuts
